 Dungeon Crawl Stone Soup version 0.27.1-1-g398f81649c (webtiles) character file.

Game seed: 4215555028225622833

1586 Gwenloh the Chopper (level 8, -5/71 HPs)
             Began as a Minotaur Fighter on Sept 11, 2021.
             Was a Priest of Kikubaaqudgha.
             Slain by a troll (12 damage)
             ... on level 6 of the Dungeon on Sept 12, 2021.
             The game lasted 00:17:13 (5863 turns).

Gwenloh the Chopper (Minotaur Fighter)              Turns: 5863, Time: 00:17:14

Health: -5/71      AC:  8    Str: 21    XL:     8   Next: 61%
Magic:  10/10      EV: 10    Int: 11    God:    Kikubaaqudgha [***...]
Gold:   296        SH:  0    Dex: 12    Spells: 11/11 levels left

rFire    . . .     SeeInvis .   a - +0 battleaxe
rCold    . . .     Faith    .   (shield currently unavailable)
rNeg     . . .     Spirit   .   u - +0 ring mail
rPois    +         Reflect  .   (helmet restricted)
rElec    .         Harm     .   (no cloak)
rCorr    .         Rampage  .   i - +1 pair of gloves {archery}
Will     .....                  (no boots)
Stlth    +.........             r - amulet of magic regeneration
HPRegen  0.21/turn              B - +6 ring of intelligence
MPRegen  0.37/turn              p - ring of poison resistance

@: no status effects
A: horns 2, retaliatory headbutt
a: Renounce Religion, Receive Corpses


You were on level 6 of the Dungeon.
You worshipped Kikubaaqudgha.
Kikubaaqudgha was most pleased with you.
You visited 1 branch of the dungeon, and saw 6 of its levels.

You collected 296 gold pieces.

Inventory:

Hand Weapons
 a - a +0 battleaxe (weapon)
 b - a +0 hunting sling
 t - a +0 trident
 F - a +3 morningstar
 I - a +0 war axe
Missiles
 g - 246 stones
 l - 70 bolts
 G - 6 boomerangs
Armour
 c - a +0 kite shield
 i - a +1 pair of gloves of archery (worn)
 u - a +0 ring mail (worn)
 x - a +0 scale mail
Jewellery
 e - a ring of protection from fire
 o - a ring of protection from cold
 p - a ring of poison resistance (right hand)
 r - an amulet of magic regeneration (around neck)
 s - a +6 ring of dexterity
 B - a +6 ring of intelligence (left hand)
Scrolls
 d - a scroll of amnesia
 f - 4 scrolls of teleportation
 n - 2 scrolls of blinking
 q - a scroll of acquirement
 v - a scroll of enchant weapon
 y - a scroll of summoning {unknown}
 A - a scroll of vulnerability {unknown}
 E - a scroll of fog {unknown}
 H - a scroll of enchant armour {unknown}
Potions
 h - a potion of brilliance {unknown}
 j - 2 potions of mutation {unknown}
 k - 2 potions of flight {unknown}
 m - a potion of degeneration {unknown}
 w - a potion of cancellation {unknown}
 z - a potion of resistance {unknown}
 C - a potion of heal wounds {unknown}
 D - a potion of haste {unknown}


   Skills:
 + Level 6.9 Fighting
 + Level 7.1 Axes
 + Level 6.9 Armour
 - Level 4.9 Shields
 + Level 2.4 Spellcasting
 + Level 2.6 Necromancy


You had 11 spell levels left.
You didn't know any spells.
Your spell library contained the following spells:

 Spells                   Type           Power      Damage    Failure   Level
 Pain                     Necr           28%        1d5       14%         1
 Sublimation of Blood     Necr           3%         N/A       22%         2
 Corpse Rot               Necr/Air       N/A        N/A       36%         2
 Corona                   Hex            1%         N/A       41%         1
 Vampiric Draining        Necr           3%         2d6       41%         3
 Ensorcelled Hibernation  Hex/Ice        2%         N/A       54%         2
 Call Canine Familiar     Summ           1%         N/A       78%         3
 Portal Projectile        Hex/Tloc       2%         N/A       78%         3
 Tukima's Dance           Hex            1%         N/A       78%         3
 Animate Dead             Necr           3%         N/A       82%         4
 Dispel Undead            Necr           7%         3d8       82%         4
 Leda's Liquefaction      Hex/Erth       0%         N/A       99%         4
 Agony                    Necr           7%         N/A       99%         5
 Excruciating Wounds      Necr           3%         N/A       99%         5
 Death Channel            Necr           3%         N/A       100%        6


Dungeon Overview and Level Annotations

Branches:
Dungeon (6/15)             Temple (0/1) D:5

Altars:
Gozag
Kikubaaqudgha
Trog
Uskayaw
Wu Jian


Innate Abilities, Weirdness & Mutations

You have a pair of horns on your head.
You reflexively headbutt those who attack you in melee.


Message History

The killer bee zombie hits you but does no damage.
The killer bee zombie closely misses you.
You furiously retaliate!
You headbutt the killer bee zombie! You miss the killer bee zombie.
The killer bee zombie is almost destroyed.
The killer bee zombie hits you but does no damage. x2
You slash the killer bee zombie!
You destroy the killer bee zombie!
Kikubaaqudgha accepts your kill.
No target in view!
b - a +0 hunting sling (weapon)
You now have 296 gold pieces (gained 7).
A troll comes into view.
Found a stone staircase leading up.
The troll shouts!
A troll is nearby!
a - a +0 battleaxe (weapon)
You hit the troll. You headbutt the troll!
The troll is heavily wounded.
The troll bites you. The troll claws you! The troll claws you.
You closely miss the troll.
The troll is heavily wounded.
The troll bites you! The troll claws you.
The troll claws you but does no damage. The troll bites you.
The troll closely misses you. The troll claws you!
You are too injured to fight recklessly!
You are too injured to fight recklessly!
You slash the troll!
The troll is severely wounded.
The troll misses you. The troll claws you!
* * * LOW HITPOINT WARNING * * *
The troll claws you.
* * * LOW HITPOINT WARNING * * *
You barely miss the troll. Your headbutt misses the troll.
The troll is severely wounded.
The troll closely misses you. You furiously retaliate!
You headbutt the troll.
The troll closely misses you. x2; The troll bites you but does no damage.
The troll claws you but does no damage. The troll claws you!
You die...
Kikubaaqudgha rasps: "You have failed me!
Welcome... death!"

###### #..<.# #.# #T# ## .#..
##@# ##... ^.. #..######...# #..#
#.........# #..# #..#......# .
#..#######.#....##.# .
#^####...##...#.#..####.# ..
.........#......#..####.######...
...................#.............
..................#..######.#####


You could see a troll.

Vanquished Creatures
  Sigmund (D:3)
  Edmund (D:5)
  Duvessa (D:6)
  A centaur (D:6)
  An ogre (D:5)
  A kobold brigand (D:6)
  4 scorpions
  Dowan (D:6)
  2 water moccasin skeletons
  A jelly (D:6)
  3 hounds
  Terence (D:3)
  A bullfrog skeleton (D:6)
  An iguana (D:6)
  2 orc wizards
  A scorpion zombie (D:5)
  A killer bee zombie (D:6)
  3 hound zombies (D:5)
  2 hound skeletons
  4 gnolls (D:3)
  4 adders
  A shadow imp (D:5)
  A white imp (D:5)
  An ufetubus (D:5)
  3 worms
  A dart slug (D:2)
  13 orcs
  3 ball pythons
  5 endoplasms
  3 giant cockroaches
  3 goblins
  5 hobgoblins
  20 jackals
  11 kobolds
  5 quokkas
  8 bats
  2 frilled lizards
  7 rats
129 creatures vanquished.

Notes
Turn   | Place    | Note
-------+----------+-------------------------------------------
     0 | D:1      | Gwenloh the Minotaur Fighter began the quest for the Orb.
     0 | D:1      | Reached XP level 1. HP: 19/19 MP: 0/0
   163 | D:1      | Reached XP level 2. HP: 27/27 MP: 1/1
   223 | D:1      | Reached skill level 3 in Axes
   474 | D:1      | Reached XP level 3. HP: 33/33 MP: 2/2
   710 | D:1      | Found a faded altar of an unknown god.
  1024 | D:1      | Became a worshipper of Kikubaaqudgha
  1024 | D:1      | Reached * piety under Kikubaaqudgha
  1024 | D:1      | Received a gift from Kikubaaqudgha
  1572 | D:3      | Noticed Sigmund
  1581 | D:3      | Killed Sigmund
  1582 | D:3      | Reached skill level 4 in Axes
  1582 | D:3      | Reached XP level 4. HP: 25/41 MP: 3/3
  1582 | D:3      | Reached XP level 5. HP: 29/47 MP: 4/4
  1594 | D:3      | Reached skill level 5 in Axes
  1888 | D:3      | Reached skill level 5 in Armour
  1888 | D:3      | Reached XP level 6. HP: 52/55 MP: 5/5
  2029 | D:3      | Reached ** piety under Kikubaaqudgha
  2486 | D:3      | Reached skill level 5 in Fighting
  2592 | D:3      | Noticed Terence
  2599 | D:3      | Killed Terence
  3521 | D:4      | Reached XP level 7. HP: 52/61 MP: 7/7
  3758 | D:4      | Reached skill level 1 in Necromancy
  3952 | D:4      | Found an ornate altar of the Wu Jian Council.
  4058 | D:5      | Entered Level 5 of the Dungeon
  4208 | D:5      | Reached skill level 1 in Spellcasting
  4225 | D:5      | Found a hide-covered altar of Uskayaw.
  4301 | D:5      | Noticed Edmund
  4312 | D:5      | Killed Edmund
  4318 | D:5      | Reached skill level 6 in Axes
  4526 | D:5      | Reached *** piety under Kikubaaqudgha
  4526 | D:5      | Received a gift from Kikubaaqudgha
  4754 | D:5      | Found an opulent altar of Gozag.
  4805 | D:5      | Reached XP level 8. HP: 53/70 MP: 9/9
  4888 | D:5      | Found a staircase to the Ecumenical Temple.
  5169 | D:5      | Found a bloodstained altar of Trog.
  5266 | D:6      | Noticed Duvessa
  5268 | D:6      | Noticed Dowan
  5275 | D:6      | Killed Duvessa
  5418 | D:6      | Killed Dowan
  5517 | D:6      | Identified a scroll of acquirement
  5519 | D:6      | Acquired a +1 pair of gloves of archery
  5546 | D:6      | Reached skill level 7 in Axes
  5856 | D:6      | Noticed a troll
  5863 | D:6      | Slain by a troll

Illustrated notes

Levels and vault maps discovered:
D:1:      heliophobic_arrival_ceremonial_halls, layout_basic,
          hellmonk_ecumenical_altar_crossroads, grunt_decor_one_mirror
D:2:      layout_basic
D:3:      layout_basic, patterned_corridor, uniq_sigmund, uniq_terence
D:4:      layout_loops_ring, nicolae_wu_jian_immortal_techniques,
          hangedman_glass_teeth
D:5:      layout_basic, kennysheep_mini, mainiacjoe_overflow_chevrons,
          nicolae_gozag_cash_rules_everything_around_me,
          minmay_temple_entry_hall, uniq_edmund
D:6:      layout_rooms, lemuel_tele_altar, uniq_eustachio, uniq_duvessa

Skill      XL: |  1  2  3  4  5  6  7  8 |
---------------+-------------------------+-----
Axes           | 3 4 5 6 7 |  7.1
Armour         | 4 5 6 |  6.9
Fighting       | 4 5 6 |  6.9
Shields        | 4 |  4.9
Necromancy     | 1 2 |  2.6
Spellcasting   | 1 2 |  2.4

Action                   |  1- 3 |  4- 6 |  7- 9 || total
-------------------------+-------+-------+-------++-------
Melee: War axe           |    77 |    86 |   110 ||   273
       Headbutt          |     6 |    13 |    18 ||    37
       Battleaxe         |       |       |    20 ||    20
 Fire: Hunting sling     |       |       |    38 ||    38
  Use: Potion            |     1 |       |     2 ||     3
       Scroll            |       |       |     6 ||     6
Armor: Scale mail        |    49 |    30 |       ||    79
       Ring mail         |       |     2 |    46 ||    48
Dodge: Dodged            |    37 |    34 |    67 ||   138
Block: Kite shield       |    63 |    61 |    73 ||   197
